 Dungeon Crawl Stone Soup version 0.29.1-2-gbd0b4ee654 (webtiles) character file.

Game seed: 3121138587966747172

60 Insertrandomname the Ruffian (level 3, -1/28 HPs)
             Began as a Minotaur Transmuter on Nov 5, 2022.
             Slain by Crazy Yiuf
             ... wielding a +4 quarterstaff of chaos
              (4 damage)
             ... on level 2 of the Dungeon.
             The game lasted 00:05:07 (2424 turns).

Insertrandomname the Ruffian (Minotaur Transmuter)  Turns: 2424, Time: 00:05:07

Health: -1/28      AC:  5    Str: 16    XL:     3   Next: 80%
Magic:  1/4        EV: 10    Int: 10    God:
Gold:   142        SH:  5    Dex: 10    Spells: 0/5 levels left

rFire   . . .      SeeInvis .     - Unarmed
rCold   . . .      Faith    .   e - +2 buckler
rNeg    . . .      Spirit   .   d - +0 ring mail
rPois   .          Reflect  .   (helmet currently unavailable)
rElec   .          Harm     .   (no cloak)
rCorr   .          Rampage  .   (no gloves)
Will    .....                   (boots currently unavailable)
Stlth   ..........              (no amulet)
HPRegen 0.09/turn               (no ring)
MPRegen 0.09/turn               (no ring)

@: appendages (expiring), very slightly contaminated
A: talons 2, horns 2, retaliatory headbutt
a: End Transformation


You were on level 2 of the Dungeon.
You had temporarily grown beastly talons.
You visited 1 branch of the dungeon, and saw 2 of its levels.

You collected 142 gold pieces.

Inventory:

Missiles
 c - a throwing net (quivered)
Armour
 a - a +0 robe
 d - a +0 ring mail (worn)
 e - a +2 buckler (worn)
Jewellery
 j - a ring of poison resistance
Potions
 b - a potion of lignification
 f - 3 potions of flight {unknown}
 g - a potion of ambrosia {unknown}
 h - 2 potions of mutation {unknown}
 i - a potion of curing {unknown}
 k - a potion of resistance {unknown}


   Skills:
 + Level 1.2 Fighting
 + Level 0.1 Armour
 + Level 2.5 Dodging
 + Level 0.5 Shields
 + Level 4.2 Unarmed Combat
 + Level 1.9 Spellcasting
 + Level 2.0 Transmutations


You couldn't memorise any spells.
You knew the following spells:

 Your Spells              Type           Power      Damage    Failure   Level
a - Beastly Appendage     Tmut           10%        N/A       34%         1
b - Wereblood             Tmut           5%         N/A       47%         2
c - Sublimation of Blood  Necr           0%         N/A       77%         2

Your spell library contained the following spells:

 Spells                   Type           Power      Damage    Failure   Level
 Apportation              Tloc           0%         N/A       63%         1
 Static Discharge         Conj/Air       0%         3-3/arc   77%         2
 Spider Form              Tmut/Pois      2%         N/A       86%         3
 Ice Form                 Ice/Tmut       2%         N/A       99%         4
 Alistair's Intoxication  Tmut/Pois      1%         N/A       100%        5
 Lightning Bolt           Conj/Air       0%         1d11      100%        5
 Summon Hydra             Summ           0%         N/A       100%        7
 Maxwell's Capacitive Co  Air            0%         ∞         100%        8


Dungeon Overview and Level Annotations

Branches:
Dungeon (2/15)

Altars:

Shops:
D:2 !

Annotations:
D:2 Crazy Yiuf


Innate Abilities, Weirdness & Mutations

You have temporarily grown beastly talons.
You have a pair of horns on your head.
You reflexively headbutt those who attack you in melee.


Message History

Casting: Beastly Appendage (safe; 34% risk of failure)
Confirm with . or Enter, or press ? or * to list all spells.
Your feet morph into talons.
Crazy Yiuf hits you with a +4 quarterstaff of chaos!
Crazy Yiuf freezes you.
Casting: Beastly Appendage (safe; 34% risk of failure)
Confirm with . or Enter, or press ? or * to list all spells.
The spell is quite dangerous to miscast (47% risk of failure)!
Continue anyway? [Y]es or [N]o only, please.
The spell is quite dangerous to miscast (47% risk of failure)!
Continue anyway? [Y]es or [N]o only, please.
The spell is quite dangerous to miscast (47% risk of failure)!
Continue anyway? [Y]es or [N]o only, please.
The spell is quite dangerous to miscast (47% risk of failure)!
Continue anyway? [Y]es or [N]o only, please.
The spell is quite dangerous to miscast (47% risk of failure)!
Continue anyway? [Y]es or [N]o only, please.
The spell is quite dangerous to miscast (47% risk of failure)!
Continue anyway?
You miscast Wereblood.
You are very lightly contaminated with residual magic.
Nothing appears to happen.
Crazy Yiuf completely misses you.
You hit Crazy Yiuf but do no damage. You claw Crazy Yiuf.
Crazy Yiuf is lightly wounded.
Crazy Yiuf hits you with a +4 quarterstaff of chaos.
Crazy Yiuf freezes you.
You hit Crazy Yiuf. Your kick misses Crazy Yiuf.
Crazy Yiuf is heavily wounded.
Your transformation is almost over.
Crazy Yiuf hits you with a +4 quarterstaff of chaos!
* * * LOW HITPOINT WARNING * * *
Crazy Yiuf burns you.
* * * LOW HITPOINT WARNING * * *
You hit Crazy Yiuf. You claw Crazy Yiuf, but do no damage.
Crazy Yiuf is heavily wounded.
Crazy Yiuf yells, "Proton toodlewoodle disdain!"
Crazy Yiuf barely misses you.
You hit Crazy Yiuf but do no damage. Your headbutt misses Crazy Yiuf.
Crazy Yiuf is heavily wounded.
Crazy Yiuf hits you with a +4 quarterstaff of chaos.
You die...

#.#
##..........
###
#...########
##..........
#####
#.....#####
#)..#
#.###.#
#...# #.#
#.# ... #.#
#.##### #g#
#.# #......
♣@♣♣ ###
####### ♣♣.♣
# ♣.♣♣
#########
♣♣.♣
#.......#
♣♣.♣♣
#.......'
♣♣...♣
#.......#
♣....♣
#########
#....# #
#....#
######


You could see Crazy Yiuf.

Vanquished Creatures
  An adder (D:2)
  2 dart slugs
  6 endoplasms
  2 goblins
  5 hobgoblins
  3 jackals (D:1)
  6 kobolds
  3 quokkas (D:1)
  5 ball pythons
  4 bats
  6 rats
43 creatures vanquished.

Notes
Turn   | Place    | Note
-------+----------+-------------------------------------------
     0 | D:1      | Insertrandomname the Minotaur Transmuter began the quest
                  | for the Orb.
     0 | D:1      | Reached XP level 1. HP: 16/16 MP: 1/1
   427 | D:1      | Reached XP level 2. HP: 22/23 MP: 3/3
   463 | D:1      | Learned a level 2 spell: Wereblood
  1035 | D:1      | Reached XP level 3. HP: 28/28 MP: 4/4
  1434 | D:2      | Reached skill level 4 in Unarmed Combat
  1787 | D:2      | Found Kicaros's Distillery.
  1802 | D:2      | Learned a level 2 spell: Sublimation of Blood
  2241 | D:2      | Found a runed translucent door.
  2242 | D:2      | Noticed Crazy Yiuf
  2424 | D:2      | Slain by Crazy Yiuf

Illustrated notes

Levels and vault maps discovered:
D:1:      dpeg_arrival_stone_temple_mockup, layout_basic,
          minmay_rat_gold_closets
D:2:      layout_basic, serial_shops, shop_statue, uniq_crazy_yiuf_cottage

Skill      XL: |  1  2  3 |
---------------+----------+-----
Unarmed Combat | 4 |  4.2
Transmutations | 2 |  2.0
Fighting       | |  1.2
Armour         | |  0.1
Dodging        | |  2.5
Shields        | |  0.5
Spellcasting   | |  1.9

Action                   || total
-------------------------++-------
Melee: Unarmed           ||   104
       Headbutt          ||    13
       Kick              ||    16
 Cast: Beastly Appendage ||    11
       Wereblood         ||     3
Armor: Ring mail         ||    34
       Robe              ||     1
Dodge: Dodged            ||    51
Block: Buckler           ||    12
